 Dungeon Crawl Stone Soup version 0.29.1-15-g9cfb28693d (webtiles) character file.

Game seed: 4382750693732790669

8311 dudediamond6 the Unseen (level 11, -1/71 HPs)
             Began as an Octopode Brigand on Feb 22, 2023.
             Was a Priest of Dithmenos.
             Slain by Snorg (15 damage)
             ... on level 10 of the Dungeon on Feb 23, 2023.
             The game lasted 00:25:50 (10502 turns).

dudediamond6 the Unseen (Octopode Brigand)         Turns: 10502, Time: 00:25:51

Health: -1/71      AC:  1    Str: 10    XL:     11   Next: 28%
Magic:  11/11      EV: 18    Int: 20    God:    Dithmenos [***...]
Gold:   771        SH: 18    Dex: 18    Spells: 10/10 levels left

rFire   + + .      SeeInvis .   C - +2 short sword (protect)
rCold   + + .      Faith    .   r - +2 shield of Resistance {rF++ rC++ Will++}
rNeg    . . .      Spirit   .   (helmet restricted)
rPois   .          Reflect  +   v - amulet of reflection
rElec   .          Harm     .   i - +4 ring of evasion
rCorr   .          Rampage  .   j - ring of flight
Will    ++...                   w - +6 ring of intelligence
Stlth   ++++++++++              (no ring)
HPRegen 0.21/turn               (no ring)
MPRegen 0.12/turn               (no ring)
                                (no ring)
                                (no ring)

@: flying, wreathed by umbra
A: almost no armour, amphibious, 8 rings, camouflage 1, gelatinous body 1,
(nimble swimmer 1), tentacles
a: Renounce Religion, Shadow Step


You were on level 10 of the Dungeon.
You worshipped Dithmenos.
Dithmenos was most pleased with you.
You visited 2 branches of the dungeon, and saw 11 of its levels.
You visited the Abyss 1 time.

You collected 771 gold pieces.

Inventory:

Hand Weapons
 C - a +2 short sword of protection (weapon)
 D - a +4 dagger
Missiles
 b - 14 poisoned darts (quivered)
 c - 3 curare-tipped darts
 z - 2 atropa-tipped darts
Armour
 r - the +2 shield of Resistance (worn) {rF++ rC++ Will++}
   (You found it on level 5 of the Dungeon)

   rF:        It greatly protects you from fire.
   rC:        It greatly protects you from cold.
   Will:      It greatly increases your willpower.
Jewellery
 i - a +4 ring of evasion (left tentacle)
 j - a ring of flight (right tentacle)
 v - an amulet of reflection (around mantle)
 w - a +6 ring of intelligence (on tentacle)
Wands
 g - a wand of quicksilver (8)
 x - a wand of polymorph (11)
 y - a wand of flame (31)
Scrolls
 d - 2 scrolls of immolation
 f - a scroll of fear
 h - 2 scrolls of amnesia
 m - 2 scrolls of enchant armour
 n - 2 scrolls of magic mapping
 s - a scroll of summoning
 t - a scroll of silence
 B - 7 scrolls of identify
Potions
 a - 5 potions of attraction
 e - 2 potions of might
 k - 2 potions of curing
 l - 3 potions of flight {unknown}
 o - 3 potions of berserk rage {unknown}
 p - a potion of mutation {unknown}
 q - a potion of heal wounds {unknown}
 u - 2 potions of ambrosia {unknown}
 A - 2 potions of haste {unknown}


   Skills:
 + Level 5.0 Fighting
 + Level 8.3 Short Blades
 + Level 3.8 Throwing
 + Level 5.7 Dodging
 + Level 16.2 Stealth
 + Level 6.4 Shields


You had 10 spell levels left.
You didn't know any spells.
Your spell library contained the following spells:

 Spells                   Type           Power      Damage    Failure   Level
 Ensorcelled Hibernation  Hex/Ice        0%         N/A       58%         2
 Passwall                 Tmut/Erth      0%         N/A       58%         2
 Dazzling Flash           Conj/Hex       0%         N/A       83%         3
 Gell's Gravitas          Tloc           0%         N/A       83%         3
 Lesser Beckoning         Tloc           0%         N/A       83%         3
 Swiftness                Air            0%         N/A       83%         3
 Teleport Other           Tloc           0%         N/A       83%         3
 Tukima's Dance           Hex            0%         N/A       83%         3
 Passage of Golubria      Tloc           0%         N/A       99%         4
 Agony                    Necr           0%         N/A       100%        5
 Silence                  Hex/Air        0%         N/A       100%        5
 Yara's Violent Unravell  Hex/Tmut       0%         3d3       100%        5


Dungeon Overview and Level Annotations

Branches:
Dungeon (10/15)            Temple (1/1) D:5
   Lair: D:8-11         Orc: D:9-12

Altars:
Ashenzari
Cheibriados
Dithmenos
Elyvilon
Fedhas
Gozag
Hepliaklqana
Kikubaaqudgha
Makhleb
Nemelex Xobeh
Okawaru
Qazlal
Ru
Sif Muna
Trog
Uskayaw
Vehumet
Wu Jian
Xom
Yredelemnul
Zin
The Shining One

Shops:
D:3 :

Annotations:
D:10 Snorg


Innate Abilities, Weirdness & Mutations

You cannot wear most types of armour.
You are amphibious.
You can wear up to eight rings at the same time.
Your skin changes colour to match your surroundings (Stealth+).
Your rubbery body absorbs attacks. (AC +1, EV +1)
((You are camouflaged when in or above water. (Stealth+)))
You have tentacles for arms and can constrict up to eight enemies at once.


Message History

You block Snorg's attack. Snorg completely misses you.
You block Snorg's attack.
You closely miss Snorg. Your squeeze misses Snorg.
Snorg is lightly wounded.
You block Snorg's attack. Snorg closely misses you. Snorg claws you!
You are too injured to fight recklessly!
You hit Snorg.
Snorg is lightly wounded.
You block Snorg's attack. Snorg completely misses you.
You block Snorg's attack. Snorg misses you. You block Snorg's attack. x2
You closely miss Snorg.
Snorg is lightly wounded.
You block Snorg's attack. x3
You barely miss Snorg.
Snorg is lightly wounded.
Snorg bites you!!
* * * LOW HITPOINT WARNING * * *
Snorg claws you but does no damage. You block Snorg's attack.
You hit Snorg.
Snorg is lightly wounded.
You block Snorg's attack. Snorg misses you. Snorg claws you!
* * * LOW HITPOINT WARNING * * *
Snorg completely misses you. Snorg claws you but does no damage.
Snorg closely misses you.
You feel better. Snorg closely misses you. You block Snorg's attack. x2
You feel better.
You block Snorg's attack. x2; Snorg completely misses you.
You block Snorg's attack. Snorg claws you!
* * * LOW HITPOINT WARNING * * *
Snorg barely misses you.
You feel better. Snorg closely misses you. You block Snorg's attack. x2
Snorg bites you!
* * * LOW HITPOINT WARNING * * *
You block Snorg's attack. x2; Snorg bites you but does no damage.
You block Snorg's attack. Snorg claws you.
* * * LOW HITPOINT WARNING * * *
Snorg rages.
Snorg rages.
You block Snorg's attack. Snorg closely misses you. Snorg misses you.
Snorg attacks as you move away! Snorg bites you!
You die...

..##### ##.....##.....#####.#.#
. ##..#....##..........#.# #
##..##..#..##...#######.# .#
#..###..##..#...# #.# .#
.###.....#.###.#...#######.#
............###................#
##.###.###)#.....#...#########
#..##..###..#...#
##..#..##@.##...#
#....#T.##..... ##.....##.....#
###.###....... ##(.#.#..#.# #.#
((. #(# ...


You could see Snorg (berserk, very poisoned).

Vanquished Creatures
  2 two-headed ogres (D:9)
  Maurice (D:8)
  Maggie (D:7)
  2 trolls
  A hornet (D:9)
  11 yaks
  A wyvern (D:7)
  A steam dragon (D:8)
  3 water moccasins
  A sky beast (D:7)
  An ice beast (D:6)
  4 orc warriors
  4 black bears
  An ogre (D:4)
  A phantom (D:5)
  A bullfrog (D:6)
  A necrophage (D:7)
  A kobold brigand (D:9)
  5 scorpions
  10 wights
  7 killer bees
  2 electric eels
  4 hounds
  7 orc priests
  A jelly (D:4)
  4 iguanas
  20 orc wizards
  2 gnolls
  10 adders
  A shadow imp (D:7)
  4 white imps
  3 worms
  11 dart slugs
  35 orcs
  10 ball pythons
  5 bats
  8 endoplasms
  5 goblins
  9 hobgoblins
  A quokka (D:4)
  4 frilled lizards
  12 kobolds
  A rat (D:1)
219 creatures vanquished.

Vanquished Creatures (others)
  A kobold brigand (D:8)
  A plant (D:8)
2 creatures vanquished.

Grand Total: 221 creatures vanquished

Notes
Turn   | Place    | Note
-------+----------+-------------------------------------------
     0 | D:1      | dudediamond6 the Octopode Brigand began the quest for the
                  | Orb.
     0 | D:1      | Reached XP level 1. HP: 14/14 MP: 1/1
   191 | D:1      | Reached XP level 2. HP: 19/19 MP: 2/2
   372 | D:1      | Found a faded altar of an unknown god.
   380 | D:1      | Reached skill level 6 in Stealth
   708 | D:2      | Reached XP level 3. HP: 14/24 MP: 3/3
  1429 | D:3      | Reached XP level 4. HP: 29/29 MP: 4/4
  1571 | D:3      | Reached skill level 7 in Stealth
  1972 | D:3      | Found Xunagoq's Book Boutique.
  2386 | D:4      | Noticed a black bear
  2394 | D:4      | Killed a black bear
  2395 | D:4      | Reached skill level 8 in Stealth
  2395 | D:4      | Reached XP level 5. HP: 30/34 MP: 5/5
  2446 | D:4      | Reached XP level 6. HP: 40/40 MP: 6/6
  2608 | D:4      | Reached skill level 9 in Stealth
  2671 | D:4      | Reached XP level 7. HP: 44/45 MP: 7/7
  2984 | D:4      | Reached skill level 10 in Stealth
  3846 | D:5      | Entered Level 5 of the Dungeon
  3846 | D:5      | Found the +2 shield of Resistance {rF++ rC++ Will++}
  4250 | D:5      | Reached XP level 8. HP: 39/51 MP: 8/8
  4391 | D:5      | Found a staircase to the Ecumenical Temple.
  4402 | Temple   | Entered the Ecumenical Temple
  4426 | Temple   | Became a worshipper of Dithmenos the Shadowed
  5093 | D:6      | Reached skill level 11 in Stealth
  5214 | D:6      | Reached skill level 1 in Shields
  5220 | D:6      | Reached skill level 5 in Short Blades
  5568 | D:6      | Reached * piety under Dithmenos
  5675 | D:6      | Reached skill level 12 in Stealth
  5827 | D:6      | Reached XP level 9. HP: 57/57 MP: 9/9
  6594 | D:7      | Reached skill level 13 in Stealth
  6614 | D:7      | Found a hazy altar of Hepliaklqana.
  6616 | D:7      | Found a sacrificial altar of Ru.
  6763 | D:7      | Noticed Maggie
  6767 | D:7      | Killed Maggie
  6767 | D:7      | Reached ** piety under Dithmenos
  7226 | D:8      | Reached skill level 14 in Stealth
  7229 | D:8      | Reached XP level 10. HP: 64/64 MP: 10/10
  7481 | D:8      | Noticed Maurice
  7511 | D:8      | Killed Maurice
  7685 | D:8      | Found a glowing silver altar of Zin.
  7725 | D:8      | Found an iron altar of Okawaru.
  7728 | D:8      | Reached skill level 15 in Stealth
  7824 | D:8      | Found a bloodstained altar of Trog.
  8061 | D:8      | Reached skill level 5 in Dodging
  8061 | D:8      | Reached skill level 5 in Shields
  8301 | D:8      | Reached *** piety under Dithmenos
  8688 | D:9      | Noticed a two-headed ogre
  8691 | D:9      | Killed a two-headed ogre
  9028 | D:9      | Reached XP level 11. HP: 70/70 MP: 11/11
  9042 | D:9      | Noticed a two-headed ogre
  9046 | D:9      | Killed a two-headed ogre
  9047 | D:9      | Reached skill level 16 in Stealth
  9051 | D:9      | Found a blossoming altar of Fedhas.
  9119 | D:9      | Found a shimmering altar of Xom.
  9121 | D:9      | Found a shimmering altar of Xom.
  9121 | D:9      | Found a shimmering altar of Xom.
  9122 | D:9      | Found a shimmering altar of Xom.
  9128 | D:9      | Found a shimmering altar of Xom.
  9557 | D:9      | Found an ancient bone altar of Kikubaaqudgha.
  9732 | D:9      | Reached skill level 5 in Fighting
  9883 | D:10     | Entered Level 10 of the Dungeon
  9997 | Abyss:2  | Cast into level 2 of the Abyss (orc priest)
 10022 | D:10     | Escaped the Abyss
 10074 | D:10     | Noticed a brown ugly thing
 10076 | D:10     | Noticed a white ugly thing
 10079 | D:10     | HP: 2/71 [orc priest/divine providence (10)]
 10099 | D:10     | Identified the +3 sling "Imacw" {vorpal, *Corrode rN+ Str+3
                  | Int+3}
 10480 | D:10     | Noticed Snorg
 10502 | D:10     | Slain by Snorg

Illustrated notes

Levels and vault maps discovered:
D:1:      kennysheep_arrival_seaside, layout_rooms,
          ebering_ecumenical_altar_rust, minmay_unequal
D:2:      layout_rooms, st_stairs_13, minmay_hexomino_f4
D:3:      layout_basic, serial_shops, nicolae_lakefront_shop,
          hangedman_decor_points, minmay_shallow_snake_nest
D:4:      minmay_chambers_of_fours, layout_layer_cave
D:5:      layout_basic, minmay_temple_entry_sparse_star
D:6:      kennysheep_slugbush, layout_basic
D:7:      layout_rooms, jmf_multi_god_temple, uniq_maggie
D:8:      layout_basic, bloody_trog, okawaru_altar_gauntlet_db, zin_statuary,
          serial_bayou_pond_b, uniq_maurice
D:9:      layout_irregular_city, fedhas_altar_1, xom_shifter_show,
          mainiacjoe_overflow_alcove_2
D:10:     minmay_the_grid_octo_tiled_octocenter [minmay_the_grid_octo_horde,
          minmay_the_grid_octo_pinwheel, minmay_the_grid_octo_thin_diamonds,
          minmay_the_grid_octo_concentric, minmay_the_grid_octo_prize_big_c,
          minmay_the_grid_square_5x5_plus, minmay_the_grid_square_5x5_n,
          minmay_the_grid_square_5x5_forky, minmay_the_grid_square_5x5_lines],
          layout_basic, erik_lair_dragon, minmay_checkerbox, uniq_snorg
Temple:   nicolae_temple_superstar

Skill      XL: |  1  2  3  4  5  6  7  8  9 10 11 |
---------------+----------------------------------+-----
Stealth        | 6 8 9 10 12 14 15 16 | 16.2
Short Blades   | 3 4 5 6 7 8 |  8.3
Dodging        | 2 3 4 5 |  5.7
Throwing       | 3 |  3.8
Fighting       | 3 4 5 |  5.0
Shields        | 2 4 5 6 |  6.4

Action                   |  1- 3 |  4- 6 |  7- 9 | 10-12 || total
-------------------------+-------+-------+-------+-------++-------
Melee: Dagger            |    59 |     6 |       |       ||    65
       Tentacles         |    12 |     8 |    51 |    82 ||   153
       Constrict         |    11 |     9 |    41 |    37 ||    98
       Short sword       |       |    39 |   205 |   275 ||   519
       Punch             |       |       |     4 |     6 ||    10
Throw: Dart              |     1 |    10 |     9 |    15 ||    35
Invok: Shadow Step       |       |       |       |     1 ||     1
  Use: Scroll            |     7 |       |     4 |     2 ||    13
       Potion            |       |       |       |     4 ||     4
 Stab: Sleeping          |    11 |    14 |    37 |    18 ||    80
       Distracted        |       |       |       |     2 ||     2
Armor: Skin              |     4 |     3 |     4 |    14 ||    25
Dodge: Dodged            |    37 |    27 |    67 |    85 ||   216
Block: Kite shield       |       |       |    92 |   205 ||   297
       Reflection        |       |       |     2 |     7 ||     9
